[Event "Team 45 45 League T24"]
[Site "Internet Chess Club"]
[Date "2004.10.04"]
[Round "4"]
[White "jks2000"]
[Black "az2112"]
[Result "1/2-1/2"]
[WhiteElo "1615"]
[BlackElo "1726"]
[TimeControl "2700+45"]

1. c4 Nf6 2. g3 g6 3. Bg2 Bg7 4. Nc3 c5 5. e3 Nc6 6. Nge2 d6 7. Rb1 Bf5 8. d3
Qd7 9. Nf4 O-O 10. e4 Bg4 11. f3 Be6 12. a3 Nd4 13. Nce2 Nc6 14. Nc3 Nd4 15.
Nce2 Nc6 16. Nc3 {Game drawn by repetition} 1/2-1/2

[Event "Team 45 45 League T24"]
[Site "Internet Chess Club"]
[Date "2004.10.02"]
[Round "4"]
[White "Sota"]
[Black "MythicLegend"]
[Result "1-0"]
[WhiteElo "1700"]
[BlackElo "1555"]
[TimeControl "2700+45"]

1. d4 d5 2. c4 Nc6 3. Nf3 Bg4 4. Nc3 e6 5. Bf4 Bb4 6. e3 Nge7 7. Rc1 O-O 8. a3
Bxc3+ 9. Rxc3 Ng6 10. Bg3 e5 11. dxe5 Ncxe5 12. Be2 Bxf3 13. Bxf3 Nxc4 14. Qc2
c6 15. O-O Nce5 16. Be2 Qe7 17. b4 Rac8 18. Rc1 f5 19. b5 f4 20. exf4 Nxf4 21.
Bxf4 Rxf4 22. bxc6 bxc6 23. Qd2 Qf6 24. Ba6 Rf8 25. Rf1 Ng4 26. f3 Rd4 27. Qc1
Ra4 28. fxg4 Qd4+ 29. Kh1 Rxf1+ 30. Bxf1 Qxg4 31. Rxc6 Rf4 32. Rc8+ Kf7 33. Qc7+
Kg6 34. Bd3+ Kh6 35. Qc1 g5 36. Rh8 Rf7 37. Rc8 Rf2 38. Qc6+ Kh5 39. Qg6+ {Black
resigns} 1-0

[Event "Team 45 45 League T24"]
[Site "Internet Chess Club"]
[Date "2004.10.02"]
[Round "4"]
[White "ebattousai"]
[Black "GadsHill"]
[Result "0-1"]
[WhiteElo "1577"]
[BlackElo "1590"]
[TimeControl "2700+45"]

1. e4 d6 2. d4 Nf6 3. Bd3 Nbd7 4. c4 e5 5. d5 Be7 6. Ne2 O-O 7. O-O Nc5 8. Nbc3
Bd7 9. Bb1 a5 10. f4 Bg4 11. h3 Bxe2 12. Qxe2 h6 13. f5 c6 14. g4 cxd5 15. exd5
Qb6 16. Kh2 Nh7 17. Kg3 a4 18. h4 a3 19. g5 axb2 20. Bxb2 hxg5 21. h5 Na4 22.
Nxa4 Rxa4 23. Bc1 Qd4 24. f6 Qh4+ 25. Kg2 Nxf6 26. Rxf6 Bxf6 27. Bh7+ Kh8 28.
Bd3 e4 29. Bc2 Rxc4 30. Qxc4 Qg4+ 31. Kf2 e3+ 32. Bxe3 Qxc4 33. Bb3 Qh4+ 34. Ke2
Bxa1 {White resigns} 0-1

[Event "Team 45 45 League T24"]
[Site "Internet Chess Club"]
[Date "2004.10.07"]
[Round "4"]
[White "rgadoury"]
[Black "BosqueVerde"]
[Result "0-1"]
[WhiteElo "1402"]
[BlackElo "1240"]
[TimeControl "2700+45"]

1. d4 e6 2. Nf3 d5 3. g3 c5 4. e3 Bd7 5. Ne5 f6 6. Nxd7 Nxd7 7. Bb5 Qa5+ 8. Nc3
cxd4 9. Bxd7+ Kxd7 10. exd4 Bb4 11. Bd2 Qb6 12. a3 Bd6 13. Bc1 Ne7 14. O-O Nf5
15. Na4 Qxd4 16. Qxd4 Nxd4 17. c3 Ne2+ 18. Kh1 Nxc1 19. Raxc1 b5 20. c4 bxa4 21.
cxd5 e5 22. Rfe1 g5 23. Re4 Rhc8 24. Rxc8 Rxc8 25. Rxa4 Bc5 26. Kg2 g4 27. Rxg4
Kd6 28. Rg7 h5 29. Rh7 Bd4 30. b4 Rc2 31. b5 Rxf2+ 32. Kh3 Ra2 33. Rxh5 Rxa3 34.
Rh7 Kxd5 35. Kg4 e4 36. Kf5 e3 37. Kg4 e2 38. Rd7+ Kc4 39. Re7 Kd3 {White
resigns} 0-1

[Event "Team 45 45 League T24"]
[Site "Internet Chess Club"]
[Date "2004.09.30"]
[Round "4"]
[White "KingKrusher"]
[Black "SilverKnight"]
[Result "0-1"]
[WhiteElo "1240"]
[BlackElo "1287"]
[TimeControl "2700+45"]

1. e4 d6 2. Nf3 Nf6 3. Nc3 g6 4. Bc4 Nxe4 5. Nxe4 d5 6. Neg5 dxc4 7. Ne5 Be6 8.
Nxe6 fxe6 9. Nxc4 Qd5 10. Ne3 Qc6 11. O-O Nd7 12. d4 O-O-O 13. c3 Nb6 14. Bd2
Bg7 15. Rb1 Rhf8 16. b3 Nd5 17. Nc4 Nf4 18. Bxf4 Rxf4 19. Qd3 e5 20. Na5 Qd5 21.
Nc4 exd4 {White resigns} 0-1

[Event "Team 45 45 League T24"]
[Site "Internet Chess Club"]
[Date "2004.10.01"]
[Round "4"]
[White "fuzzface"]
[Black "POOKE"]
[Result "0-1"]
[WhiteElo "1334"]
[BlackElo "1352"]
[TimeControl "2700+45"]

1. e4 e5 2. Nf3 Nc6 3. c4 Bc5 4. Nc3 Nf6 5. a3 d6 6. b4 Bd4 7. Bd3 O-O 8. Nxd4
Nxd4 9. Nd5 c6 10. Nxf6+ Qxf6 11. O-O Qg6 12. g3 Bh3 13. Re1 Qf6 14. Bb2 Nf3+
15. Kh1 Nxe1 16. Qxe1 Qf3+ 17. Kg1 Qg2# {White checkmated} 0-1

[Event "Team 45 45 League T24"]
[Site "Internet Chess Club"]
[Date "2004.10.04"]
[Round "4"]
[White "SandiaCaveMan"]
[Black "klt713"]
[Result "1-0"]
[WhiteElo "1286"]
[BlackElo "1225"]
[TimeControl "2700+45"]

1. d4 d5 2. Nf3 Nc6 3. e3 a6 4. Bd3 Nf6 5. c3 e6 6. Nbd2 Bd6 7. e4 dxe4 8. Nxe4
Nxe4 9. Bxe4 O-O 10. O-O f5 11. Bd3 Qe8 12. Bc4 Kh8 13. Re1 h6 14. b4 b5 15. Bd3
Qf7 16. Ne5 Nxe5 17. dxe5 Be7 18. Qf3 Bd7 19. Qh3 Qg6 20. Re3 Bc6 21. Rg3 Qh7
22. Be2 Rad8 23. f4 Be4 24. Be3 Bd3 25. Bh5 Bc2 26. Rc1 Be4 27. Rg6 Rd3 28. Rxe6
g5 29. Bg6 Qg7 30. Rf1 g4 31. Qg3 c5 32. Kh1 Rfd8 33. Rxa6 Rd1 34. Rg1 R8d3 35.
Ra8+ Bxa8 36. Bxf5 Rxg1+ 37. Kxg1 Rxc3 38. Qe1 cxb4 39. Bd4 Rc2 40. Bxc2 Bd5 41.
Qe3 Bxa2 42. e6 Qxd4 43. Qxd4+ Kg8 44. f5 h5 45. f6 b3 46. f7+ Kf8 47. Qh8#
{Black checkmated} 1-0

[Event "Team 45 45 League T24"]
[Site "Internet Chess Club"]
[Date "2004.10.05"]
[Round "4"]
[White "ffplayer"]
[Black "WannaB"]
[Result "0-1"]
[WhiteElo "1034"]
[BlackElo "1154"]
[TimeControl "2700+45"]

1. d4 Nf6 2. Nf3 e6 3. Bg5 Be7 4. e3 d6 5. Nc3 a6 6. Bxf6 Bxf6 7. Be2 b5 8. a3
Bd7 9. O-O O-O 10. Ne4 Be7 11. b4 f5 12. Ned2 Bf6 13. c4 c6 14. cxb5 cxb5 15.
Rc1 Re8 16. e4 e5 17. dxe5 dxe5 18. exf5 Bxf5 19. Nb3 Qxd1 20. Rcxd1 Nc6 21. Nc5
Nd4 22. Nxd4 exd4 23. Bd3 Bxd3 24. Rxd3 a5 25. f3 Re3 26. Rfd1 Rxd3 27. Rxd3
axb4 28. axb4 Ra1+ 29. Kf2 Rb1 30. Rb3 Rxb3 31. Nxb3 d3 32. Ke1 Bc3+ 33. Kd1
Bxb4 34. g4 Bc3 35. h3 b4 36. Nc5 d2 37. Nb3 Kf7 38. Nxd2 Bxd2 39. Kxd2 Kf6 40.
f4 g6 41. Kc2 g5 42. f5 h5 43. gxh5 Kxf5 44. h6 Kg6 45. h7 Kxh7 46. Kb3 Kh6 47.
Kxb4 Kh5 48. Kc3 Kh4 49. Kd2 Kxh3 50. Ke2 Kg2 51. Ke1 g4 52. Ke2 Kg1 53. Ke1 g3
54. Ke2 g2 55. Ke1 Kh1 {White resigns} 0-1

[Event "Team 45 45 League T24"]
[Site "Internet Chess Club"]
[Date "2004.10.03"]
[Round "4"]
[White "jericho121"]
[Black "CTIGuy"]
[Result "1-0"]
[WhiteElo "1530"]
[BlackElo "1096"]
[TimeControl "2700+45"]

1. e4 e5 2. Nf3 Nc6 3. Bb5 a6 4. Ba4 Nf6 5. O-O b5 6. Bb3 Be7 7. Re1 O-O 8. c3
d5 9. exd5 Nxd5 10. Nxe5 Nxe5 11. Rxe5 Bb7 12. d4 Re8 13. Nd2 f6 14. Rh5 g5 15.
Qc2 Kg7 16. Qxh7+ Kf8 17. Qg6 Nf4 18. Rh8# {Black checkmated} 1-0

[Event "Team 45 45 League T24"]
[Site "Internet Chess Club"]
[Date "2004.10.03"]
[Round "4"]
[White "littleboo"]
[Black "allanmckie"]
[Result "0-1"]
[WhiteElo "1214"]
[BlackElo "1291"]
[TimeControl "2700+45"]

1. e4 e5 2. Nf3 d6 3. h3 Nf6 4. Nc3 Be6 5. Bb5+ c6 6. Ba4 Be7 7. O-O O-O 8. d4
exd4 9. Nxd4 b5 10. Bb3 Bxb3 11. cxb3 b4 12. Na4 Nxe4 13. Qc2 Nc5 14. Nxc5 dxc5
15. Nf5 Bf6 16. Qxc5 a5 17. Nd6 Na6 18. Qxc6 Be5 19. Rd1 Qf6 20. Qf3 Rad8 21.
Qxf6 gxf6 22. Bh6 Rxd6 23. Bxf8 Rxd1+ 24. Rxd1 Kxf8 25. Rd5 Bxb2 26. Rxa5 Nc7
27. Kf1 Ne6 28. Ra8+ Kg7 29. Rb8 Ba3 30. g3 Nc5 31. Ke2 Ne4 32. Ke3 Nc3 33. Kd4
Nxa2 34. Ra8 Nc1 35. Kc4 Ne2 36. Kd3 Ng1 37. h4 h5 38. Ke4 Nh3 39. f3 Nf2+ 40.
Ke3 Nh1 41. g4 hxg4 42. fxg4 Ng3 43. Kf3 Nf1 44. Rd8 Kg6 45. Rd7 Bb2 46. h5+ Kg7
47. Kf4 Bc3 48. Kf5 Nd2 49. Kf4 Nxb3 50. Rd5 Nd2 51. Ke3 b3 52. Rxd2 Bxd2+ 53.
Kxd2 Kh6 54. Kc3 f5 55. gxf5 Kxh5 56. Kxb3 Kg5 57. f6 Kxf6 58. Kc4 Kg5 59. Kd5
f5 60. Ke6 f4 61. Kd5 f3 62. Ke4 f2 {White resigns} 0-1

[Event "Team 45 45 League T24"]
[Site "Internet Chess Club"]
[Date "2004.10.04"]
[Round "4"]
[White "Kurtosis"]
[Black "gk999"]
[Result "1-0"]
[WhiteElo "1267"]
[BlackElo "1333"]
[TimeControl "2700+45"]

1. d4 d5 2. Nf3 Nc6 3. e3 a6 4. Bd3 h6 5. Nbd2 b6 6. c3 e6 7. O-O Bd6 8. e4 Bf4
9. e5 Bxd2 10. Bxd2 Nge7 11. Nh4 Bb7 12. Qg4 Qd7 13. Qxg7 O-O-O 14. Qxf7 Rdf8
15. Qh5 Nd8 16. Qd1 h5 17. b4 Qe8 18. Nf3 h4 19. h3 Nf5 20. Bg5 Nf7 21. Bf6 Rh5
22. Nh2 Ng5 23. Be2 Nxh3+ 24. gxh3 Qg6+ 25. Kh1 Rh7 26. Rg1 Ng3+ 27. fxg3 hxg3
28. Bd3 Rxh3 29. Rg2 Qh6 30. Rxg3 Rxh2+ 31. Kg1 Rh1+ 32. Kf2 Rh2+ 33. Rg2 Qh4+
34. Ke3 Qh6+ 35. Rg5 Rxf6 36. exf6 Qxg5+ 37. Kf3 Qg2+ 38. Kf4 Rh4+ 39. Ke5 Qg5+
40. Kxe6 Qe3+ 41. Kf7 Kb8 42. Qe2 Rh7+ 43. Kg8 Qxe2 44. Bxe2 Rh6 45. f7 Rg6+ 46.
Kh7 Rf6 47. Rf1 Re6 48. f8=Q+ Ka7 49. Rf7 Rxe2 50. Rxc7 Rh2+ 51. Kg8 Rg2+ 52.
Rg7 Rxg7+ 53. Qxg7 b5 54. Qd7 Ka8 55. a4 bxa4 56. Qxa4 Ka7 57. b5 Bc8 58. bxa6
Be6+ 59. Kf8 Bc8 60. Qa5 Bxa6 61. Qxd5 Bb7 62. Qe5 Ba8 63. d5 Ka6 64. d6 Bc6 65.
Qe7 Kb5 66. d7 Bxd7 67. Qxd7+ Kc4 68. Qd6 Kxc3 69. Ke7 Kc4 70. Ke6 Kc3 71. Qd5
Kb4 72. Qc6 Ka5 73. Qc1 Kb5 74. Kd5 Kb4 75. Qb2+ Ka5 76. Kc5 {Black resigns} 1-0

[Event "Team 45 45 League T24"]
[Site "Internet Chess Club"]
[Date "2004.10.03"]
[Round "4"]
[White "Gaffeltruck"]
[Black "DayDream01"]
[Result "0-1"]
[WhiteElo "1126"]
[BlackElo "1090"]
[TimeControl "2700+45"]

1. e4 Nf6 2. e5 Nd5 3. d4 e6 4. a3 Nc6 5. Nf3 f5 6. Bd2 d6 7. Bf4 Nxf4 8. Bb5
Nxg2+ 9. Kf1 Nf4 10. Bxc6+ bxc6 11. Nc3 dxe5 12. Nxe5 c5 13. dxc5 Ba6+ 14. Kg1
Qg5+ {White resigns} 0-1

[Event "Team 45 45 League T24"]
[Site "Internet Chess Club"]
[Date "2004.10.05"]
[Round "4"]
[White "Turnedone"]
[Black "Poet-Laureate"]
[Result "1-0"]
[WhiteElo "2207"]
[BlackElo "1891"]
[TimeControl "2700+45"]

1. h4 c6 2. Na3 d5 3. c4 e5 4. Qb3 Nf6 5. e3 Nbd7 6. d4 Be7 7. Bd2 Ne4 8. Nf3
Nxd2 9. Nxd2 Qa5 10. cxd5 cxd5 11. Nb5 a6 12. Nc3 exd4 13. Qxd5 Qb4 14. Qxd4
Qxb2 15. Rb1 Qa3 16. Nc4 Qc5 17. Be2 Bf6 18. Nd6+ Kf8 19. Qxc5 Nxc5 20. Nd5 Be5
21. Nb6 Bxd6 22. Nxa8 Na4 23. Nb6 Bf5 24. Rb3 Nc5 25. Rc3 Ne4 26. Rc1 Bb4+ 27.
Kf1 g6 28. h5 Ba5 29. Nc4 Bc3 30. Bf3 Nd2+ 31. Nxd2 Bxd2 32. Rd1 Ba5 33. Bxb7
Ke7 34. hxg6 fxg6 35. Ke2 h5 36. Rd5 Bb4 37. Rhd1 Rb8 38. Bxa6 h4 39. a4 h3 40.
Rxf5 gxf5 41. gxh3 Bd6 42. Bb5 Rh8 43. a5 Rxh3 44. a6 Rh8 45. Bc6 Bc5 46. a7
Bxa7 47. Rd7+ Kf6 48. Rxa7 Rc8 49. Ra6 Kg5 50. f4+ Kh4 51. Kf3 Rg8 52. Be8 Rg3+
53. Kf2 Rh3 54. Rh6+ Kg4 55. Rxh3 Kxh3 56. Kf3 Kh4 57. Bd7 Kh5 58. Bxf5 Kh6 59.
e4 Kg7 60. Kg4 Kf6 61. Kh5 Kg7 62. Kg5 Kf7 63. Kh6 Kf6 64. Kh7 Kf7 65. e5 Kf8
66. Be6 Ke7 67. Bd5 Kf8 68. f5 Ke7 69. Kg7 Ke8 70. f6 Kd8 71. f7 Kc7 72. f8=Q
Kb6 73. Qc8 Kb5 74. e6 Kb6 75. e7 Kb5 76. e8=Q+ Kb4 77. Qe4+ Ka3 78. Qd3+ Kb2
79. Qb3+ {Black resigns} 1-0

[Event "Team 45 45 League T24"]
[Site "Internet Chess Club"]
[Date "2004.10.03"]
[Round "4"]
[White "DidntSeeIt"]
[Black "camembert"]
[Result "0-1"]
[WhiteElo "1762"]
[BlackElo "1850"]
[TimeControl "2700+45"]

1. e4 e5 2. Nf3 Nc6 3. Bb5 a6 4. Ba4 Nf6 5. O-O Nxe4 6. Re1 Nc5 7. Bxc6 dxc6 8.
Nxe5 Be6 9. d4 Nd7 10. c4 Nxe5 11. Rxe5 Be7 12. b3 Bf6 13. Re4 c5 14. Qh5 O-O
15. Qxc5 b6 16. Qh5 Bxd4 17. Bg5 Qd7 18. Nc3 Bxc3 19. Rd1 Qc6 20. Re3 g6 {White
resigns} 0-1

[Event "Team 45 45 League T24"]
[Site "Internet Chess Club"]
[Date "2004.10.01"]
[Round "4"]
[White "jmoffitt"]
[Black "NFK"]
[Result "0-1"]
[WhiteElo "1700"]
[BlackElo "1763"]
[TimeControl "2700+45"]

1. e4 d6 2. d4 Nf6 3. Nc3 g6 4. Nf3 Bg7 5. Bc4 c6 6. O-O b5 7. Bd3 O-O 8. a4 b4
9. Ne2 Nbd7 10. Bd2 a5 11. c4 c5 12. e5 dxe5 13. dxe5 Ng4 14. Be4 Ra6 15. Nf4
Ngxe5 16. Nxe5 Nxe5 17. Qc2 Qd4 18. Nd5 Qxc4 19. Qxc4 Nxc4 20. Bd3 Nxd2 21.
Nxe7+ Kh8 22. Bxa6 Bxa6 23. Rfd1 Bxb2 24. Ra2 Bc3 25. Nd5 Bc4 26. Nxc3 bxc3 27.
Raa1 Re8 28. Rac1 Bb3 29. Re1 Rxe1+ 30. Rxe1 Bxa4 31. f3 Bb3 32. Kf2 c2 33. Ke2
Nb1 34. Kd3 c4+ 35. Kd4 a4 36. Kc5 a3 37. Kb4 a2 38. Re8+ Kg7 39. Ra8 c1=Q 40.
Ra7 Qe1+ 41. Kc5 Qg1+ {White resigns} 0-1

[Event "Team 45 45 League T24"]
[Site "Internet Chess Club"]
[Date "2004.10.03"]
[Round "4"]
[White "SkatingBishop"]
[Black "Tinky"]
[Result "1-0"]
[WhiteElo "1706"]
[BlackElo "1535"]
[TimeControl "2700+45"]

1. e4 e6 2. d4 d5 3. Nc3 Bb4 4. e5 Ne7 5. a3 Bxc3+ 6. bxc3 c5 7. Nf3 Nbc6 8. Rb1
Qa5 9. Qd2 c4 10. Be2 Bd7 11. Rxb7 Qa6 12. Rb1 O-O 13. O-O Rab8 14. Ra1 Qa5 15.
a4 Nc8 16. Ba3 N6e7 17. Bc5 Re8 18. Ra2 Nb6 19. Bb4 Qa6 20. a5 Na4 21. Rfa1 Bb5
22. Rxa4 Bxa4 23. Rxa4 Nc6 24. Qc1 Rb5 25. Qa3 Reb8 26. Nd2 Qb7 27. a6 Qb6 28.
Bc5 Rb1+ 29. Bf1 Qb5 30. Nxb1 Qxb1 31. Qa2 Qe1 32. Bb4 Nxb4 33. Rxb4 Rxb4 34.
cxb4 Qxb4 35. g3 Qb6 36. Qa4 h5 37. c3 Qb2 38. Qb4 Qxb4 39. cxb4 Kf8 40. f4 Ke8
41. b5 Kd7 42. b6 {Black resigns} 1-0

[Event "Team 45 45 League T24"]
[Site "Internet Chess Club"]
[Date "2004.10.04"]
[Round "4"]
[White "trevor21"]
[Black "Amauta"]
[Result "0-1"]
[WhiteElo "2176"]
[BlackElo "1989"]
[TimeControl "2700+45"]

1. d4 Nf6 2. c4 e6 3. Nc3 Bb4 4. a3 Bxc3+ 5. bxc3 O-O 6. f3 c5 7. e4 d6 8. Bg5
Nc6 9. Qd2 Rb8 10. Be3 Qa5 11. Bd3 cxd4 12. cxd4 Qxd2+ 13. Kxd2 Na5 14. Rb1 b6
15. Ne2 Ba6 16. Rhc1 Nd7 17. f4 Rfc8 18. Rb4 Bb7 19. e5 Bxg2 20. exd6 Nb7 21. f5
e5 22. dxe5 Nxe5 23. Bf4 Nxd3 24. Kxd3 Rc5 25. Rg1 Bc6 26. Nd4 Rd8 27. f6 g6 28.
Re1 Nxd6 29. Kc3 Ne4+ 30. Kd3 Nxf6 31. Be5 Be4+ {White resigns} 0-1

[Event "Team 45 45 League T24"]
[Site "Internet Chess Club"]
[Date "2004.10.01"]
[Round "4"]
[White "siddhu"]
[Black "nursey"]
[Result "1-0"]
[WhiteElo "1866"]
[BlackElo "1653"]
[TimeControl "2700+45"]

1. e4 e5 2. Nf3 Nc6 3. Bb5 a6 4. Bxc6 dxc6 5. O-O f6 6. d4 Bg4 7. dxe5 Qxd1 8.
Rxd1 fxe5 9. Rd3 Bxf3 10. gxf3 Rd8 11. Rxd8+ Kxd8 12. f4 Bd6 13. fxe5 Bxe5 14.
Bg5+ Nf6 15. Bxf6+ gxf6 16. c3 Rg8+ 17. Kh1 Ke7 18. Nd2 Bf4 19. Nf3 Ke6 20. Rd1
h6 21. b4 b5 22. Nd4+ Ke5 23. f3 c5 24. Nc6+ Ke6 25. bxc5 Be3 26. Nd4+ Ke5 27.
Nf5 Bg5 28. Rd7 c6 29. Rc7 Kf4 30. Nd4 a5 31. Rxc6 a4 32. Rb6 Rc8 33. c6 a3 34.
Kg2 Bh4 35. c7 Rg8+ 36. Kh3 Bf2 37. Rb8 {Black resigns} 1-0

[Event "Team 45 45 League T24"]
[Site "Internet Chess Club"]
[Date "2004.10.06"]
[Round "4"]
[White "fibin"]
[Black "clarinetref"]
[Result "1/2-1/2"]
[WhiteElo "1381"]
[BlackElo "1400"]
[TimeControl "2700+45"]

1. e4 c5 2. Nf3 g6 3. Bc4 Nc6 4. O-O Bg7 5. d3 e6 6. Bg5 Nge7 7. c3 O-O 8. Qd2
Re8 9. Na3 a6 10. Nc2 Qc7 11. Bf4 d6 12. Rae1 e5 13. Bh6 Na5 14. Na3 Nxc4 15.
Nxc4 b5 16. Na3 f6 17. Bxg7 Kxg7 18. Nh4 d5 19. f4 dxe4 20. fxe5 fxe5 21. Qg5
Nf5 22. Nxf5+ Bxf5 23. Rxf5 exd3 24. Qf6+ Kg8 25. Rfxe5 Rxe5 26. Qxe5 Qb6 27.
Qd5+ Kg7 28. Qxa8 c4+ 29. Kh1 Qf2 {Game drawn by mutual agreement} 1/2-1/2

[Event "Team 45 45 League T24"]
[Site "Internet Chess Club"]
[Date "2004.10.04"]
[Round "4"]
[White "jientho"]
[Black "markev"]
[Result "1-0"]
[WhiteElo "1405"]
[BlackElo "1305"]
[TimeControl "2700+45"]

1. e4 c6 2. e5 e6 3. Nf3 d5 4. d4 h6 5. Bd3 c5 6. c3 a6 7. Qa4+ Bd7 8. Qb3 Qc7
9. c4 cxd4 10. O-O Bc6 11. cxd5 Bxd5 12. Qa4+ Nd7 13. Qxd4 Bxf3 14. gxf3 Rd8 15.
Bf4 Ne7 16. Rc1 Qb6 17. Qxb6 Nxb6 18. Be4 Rb8 19. Nd2 Nbd5 20. Bg3 g6 21. f4 Bg7
22. Nf3 O-O 23. Bh4 Rfe8 24. Rc4 Nxf4 25. Rc7 Ned5 26. Rd7 b5 27. Rd1 Rbc8 28.
Kf1 Rc2 29. Bxc2 Rc8 30. Be4 Rc5 31. Bxd5 Nxd5 32. Rd8+ Kh7 33. Ra8 Rc2 34. Rxa6
Rxb2 35. Ra5 Nc3 36. Rc1 Ne2 37. Rc8 Nf4 38. Bf6 Rb1+ 39. Ne1 Nd3 40. Raa8 Rxe1+
41. Kg2 Nxe5 42. Bxg7 Kxg7 43. Rc5 b4 44. Rd8 Kf6 45. f4 Ng4 46. Rb5 Rb1 47. a3
Rb2+ 48. Kg1 b3 49. Rdb8 h5 50. Rxb3 Ra2 51. Ra8 Rxh2 52. a4 h4 53. a5 h3 54.
Rg3 Kf5 55. Rxg4 Kxg4 56. Kxh2 Kf5 57. a6 Kxf4 58. a7 Kg4 59. Rf8 f5 60. a8=Q g5
61. Qa3 f4 62. Qxh3# {Black checkmated} 1-0

[Event "Team 45 45 League T24"]
[Site "Internet Chess Club"]
[Date "2004.10.01"]
[Round "4"]
[White "liger"]
[Black "slakkjaw"]
[Result "1-0"]
[WhiteElo "1239"]
[BlackElo "1247"]
[TimeControl "2700+45"]

1. d4 f5 2. e3 d5 3. Nc3 Nf6 4. Bd3 c5 5. Nf3 Nc6 6. Bb5 Qc7 7. Ne5 Bd7 8. O-O
Nxe5 9. dxe5 Qxe5 10. Bxd7+ Nxd7 11. Qxd5 O-O-O 12. Rd1 e6 13. Qxe5 Nxe5 14.
Rxd8+ Kxd8 15. e4 g6 16. Bf4 Bg7 17. Rd1+ Kc8 18. Nb5 Kb8 19. Rd7 Bf6 20. Rf7
Rd8 21. h3 g5 22. Bxe5+ Bxe5 23. g3 a6 24. Nc3 Rd2 25. exf5 exf5 26. Rxf5 Bxc3
27. bxc3 Rxc2 28. Rxc5 b6 29. Rxg5 Rxc3 30. Rh5 Rc7 31. Kg2 Kb7 32. g4 a5 33.
Kg3 Ka6 34. f4 b5 35. f5 Rc3+ 36. Kf4 Ra3 37. f6 Rxa2 38. Ke5 Re2+ 39. Kd6 b4
40. f7 Rf2 41. Rxh7 Rf6+ 42. Ke7 Rxf7+ 43. Rxf7 {Black resigns} 1-0

[Event "Team 45 45 League T24"]
[Site "Internet Chess Club"]
[Date "2004.10.02"]
[Round "4"]
[White "Mila-Reina"]
[Black "Midwest-Rook"]
[Result "1-0"]
[WhiteElo "1165"]
[BlackElo "1231"]
[TimeControl "2700+45"]

1. e4 e5 2. Nf3 Nc6 3. d4 exd4 4. Nxd4 Nf6 5. Nc3 Bb4 6. a3 Bxc3+ 7. bxc3 Nxe4
8. Qe2 Qe7 9. Nf5 Qe5 10. Nd4 Nxc3 11. Qxe5+ Nxe5 12. Bb2 Nd5 13. Be2 O-O 14.
O-O d6 15. c4 Nb6 16. Rac1 c5 17. Nb5 Rd8 18. Rfd1 Bg4 19. f3 Be6 20. Bxe5 dxe5
21. Nc7 Rxd1+ 22. Rxd1 Rf8 23. Nxe6 fxe6 24. Rd6 Rf6 25. Kf2 Kf7 26. Rd8 Rf4 27.
Rb8 Nxc4 28. Rxb7+ Kf6 29. Rxa7 Nd6 30. a4 e4 31. g3 Rf5 32. f4 c4 33. Rd7 Nc8
34. Bxc4 Nb6 35. Rc7 Nxa4 36. Rc6 Nc5 37. Ke3 g5 38. Kd4 Nd3 39. Rxe6+ Kg7 40.
Rxe4 Nf2 41. Re7+ Kh6 42. Be6 Rb5 43. f5 Ng4 44. h3 Nf6 45. Rf7 Ne8 46. Bd7 Rb4+
47. Kc5 Re4 48. Bxe8 Rxe8 49. Rf6+ Kg7 50. Re6 Rf8 51. g4 h6 52. Kd6 Rd8+ 53.
Ke7 Rf8 54. Rg6+ Kh7 55. Kxf8 h5 56. Kf7 h4 57. f6 Kh8 58. Rh6# {Black
checkmated} 1-0

[Event "Team 45 45 League T24"]
[Site "Internet Chess Club"]
[Date "2004.10.01"]
[Round "4"]
[White "Grayth"]
[Black "bubbarook"]
[Result "1-0"]
[WhiteElo "1364"]
[BlackElo "1289"]
[TimeControl "2700+45"]

1. e4 c6 2. d4 d5 3. e5 Bf5 4. Nf3 e6 5. Be2 Nd7 6. O-O Be7 7. Be3 f6 8. c4 Rc8
9. cxd5 cxd5 10. Nc3 Qb6 11. Bb5 Rxc3 12. Bxd7+ Kxd7 13. bxc3 Ba3 14. Qa4+ Qc6
15. Qxc6+ Kxc6 16. Bc1 Be7 17. a4 Nh6 18. Ba3 Bd8 19. Rfc1 Bd3 20. h3 Bc7 21.
Bb4 Nf7 22. Ne1 Bc4 23. f4 g5 24. fxg5 Nxg5 25. exf6 Rg8 26. Kh1 Ne4 27. Rc2 Bg3
28. f7 Rh8 29. f8=Q Rxf8 30. Bxf8 Nf2+ 31. Rxf2 Bxf2 32. Nf3 Kd7 33. Ne5+ Ke8
34. Bh6 Bg3 35. Nxc4 dxc4 36. Rf1 Bd6 37. Bf4 Ba3 38. Re1 Ke7 39. Bg5+ Kd6 40.
Kh2 Bb2 41. Bd2 Ba3 42. Re4 Kd5 43. Rh4 Bd6+ 44. g3 e5 45. dxe5 Bxe5 46. Rh5 Ke4
47. Rxh7 Kd3 48. Rd7+ Kc2 49. Be1 Bxc3 50. Bxc3 Kxc3 51. Rxb7 Kd2 52. Rxa7 c3
53. Rc7 c2 54. a5 {Black resigns} 1-0

[Event "Team 45 45 League T24"]
[Site "Internet Chess Club"]
[Date "2004.10.02"]
[Round "4"]
[White "MikePetska"]
[Black "EyeAm"]
[Result "0-1"]
[WhiteElo "1287"]
[BlackElo "1266"]
[TimeControl "2700+45"]

1. e4 e5 2. Nf3 Nf6 3. Nc3 Nc6 4. Bb5 Nd4 5. Nxe5 Nxb5 6. Nxb5 c6 7. Nc3 Qe7 8.
d4 d6 9. Nf3 Nxe4 10. Nxe4 Qxe4+ 11. Be3 Bg4 12. Qe2 Be7 13. O-O-O Qd5 14. b3
O-O 15. h3 Bf5 16. c4 Qa5 17. g4 Qc3+ {White resigns} 0-1

[Event "Team 45 45 League T24"]
[Site "Internet Chess Club"]
[Date "2004.10.03"]
[Round "4"]
[White "houseofcook"]
[Black "jaymel"]
[Result "1-0"]
[WhiteElo "1364"]
[BlackElo "1242"]
[TimeControl "2700+45"]

1. Nf3 f6 2. g3 d5 3. Bg2 c6 4. O-O Nh6 5. d3 Nf5 6. e4 dxe4 7. dxe4 Qxd1 8.
Rxd1 Nd6 9. Nc3 b6 10. e5 Nf5 11. Bf4 Nd7 12. e6 Nc5 13. Nd4 Nxd4 14. Rxd4 g5
15. Bxc6+ Nd7 16. Bxa8 gxf4 17. Rxf4 Bg7 18. Nd5 Nc5 19. Rc4 Bxe6 20. Nc7+ Kf7
21. Nxe6 Kxe6 22. Re1+ Kd7 23. Rd4+ Kc8 24. Rxe7 Bf8 25. Rf7 Ne6 26. Bb7+ Kb8
27. Rdd7 Bc5 28. Ba6 Nd8 29. Rxf6 Re8 30. Kg2 Ne6 31. Rb7+ Ka8 32. Rxh7 Nd4 33.
Rff7 b5 34. Rc7 Bb6 35. Rc8+ Rxc8 36. Bxc8 Kb8 37. Ba6 Nxc2 38. a3 b4 39. g4
Ne1+ 40. Kg3 Bd4 41. axb4 Bxb2 42. b5 Nd3 43. g5 Be5+ 44. Kg4 Nxf2+ 45. Kf5 Bd4
46. g6 Bc3 47. h4 {Black resigns} 1-0

[Event "Team 45 45 League T24"]
[Site "Internet Chess Club"]
[Date "2004.10.02"]
[Round "4"]
[White "Blake7"]
[Black "Colonel-Klutz"]
[Result "1-0"]
[WhiteElo "1476"]
[BlackElo "1396"]
[TimeControl "2700+45"]

1. e4 e5 2. Nf3 Nc6 3. Bb5 a6 4. Ba4 d6 5. O-O Nf6 6. c3 Nxe4 7. Re1 Nc5 8. Bc2
Nd7 9. d4 f6 10. dxe5 dxe5 11. Nd4 Be7 12. Ne6 Kf7 13. Nxd8+ Rxd8 14. Qd5+ Kf8
15. Bb3 {Black resigns} 1-0

[Event "Team 45 45 League T24"]
[Site "Internet Chess Club"]
[Date "2004.10.05"]
[Round "4"]
[White "Traho"]
[Black "tekdeth"]
[Result "0-1"]
[WhiteElo "1356"]
[BlackElo "1386"]
[TimeControl "2700+45"]

1. e4 c5 2. Nf3 d6 3. Bc4 e6 4. Bb5+ Bd7 5. Bxd7+ Nxd7 6. O-O Ngf6 7. Re1 Be7 8.
d3 O-O 9. Nc3 a6 10. h3 b5 11. b3 b4 12. Na4 Nb6 13. Nb2 a5 14. Nc4 a4 15. Nxb6
Qxb6 16. Be3 a3 17. Qd2 Nd7 18. Bg5 f6 19. Bh4 Rf7 20. c4 Raf8 21. d4 e5 22. d5
f5 23. Bxe7 Rxe7 24. Ng5 Rf6 25. Ne6 Nf8 26. Nxf8 Rxf8 27. Re3 f4 28. Rf3 Ref7
29. Qe2 Qd8 30. Rd1 Qg5 31. Rdd3 Rf6 32. g3 Rh6 33. g4 Rh4 34. Qf1 Rf6 35. Qg2
Rfh6 36. Kf1 Qg6 37. g5 R6h5 38. Rd2 Rxg5 39. Qg4 Rhxg4 40. hxg4 Rxg4 41. Rh3
Rg1+ 42. Ke2 Qg4+ 43. Rf3 Re1+ 44. Kxe1 Qxf3 {White resigns} 0-1

[Event "Team 45 45 League T24"]
[Site "Internet Chess Club"]
[Date "2004.10.01"]
[Round "4"]
[White "Rojo"]
[Black "Ernesto-R"]
[Result "0-1"]
[WhiteElo "1171"]
[BlackElo "1154"]
[TimeControl "2700+45"]

1. e4 e5 2. Nf3 d6 3. Bb5+ Nc6 4. O-O Nf6 5. d3 Be7 6. Nc3 O-O 7. Bg5 Bd7 8. a3
a6 9. Bc4 b5 10. Ba2 Bg4 11. b4 Nd4 12. Re1 Nxf3+ 13. gxf3 Bd7 14. d4 Nh5 15.
Bxe7 Qxe7 16. Kh1 Nf4 17. Rg1 c6 18. dxe5 dxe5 19. Rg3 Rad8 20. Ne2 Nh3 21. Ng1
Nxf2+ {White resigns} 0-1

[Event "Team 45 45 League T24"]
[Site "Internet Chess Club"]
[Date "2004.10.04"]
[Round "4"]
[White "claymil"]
[Black "viking99"]
[Result "1-0"]
[WhiteElo "1712"]
[BlackElo "1786"]
[TimeControl "2700+45"]

1. c4 Nf6 2. Nc3 b6 3. Nf3 c5 4. g3 Bb7 5. Bg2 e6 6. O-O Be7 7. e3 d5 8. cxd5
exd5 9. d4 c4 10. b3 O-O 11. Ne5 Bb4 12. Qc2 Nbd7 13. bxc4 Nxe5 14. dxe5 Nd7 15.
f4 Bxc3 16. Qxc3 Rc8 17. Qd2 Rxc4 18. Bxd5 Bxd5 19. Qxd5 Qc7 20. Rd1 Nb8 21. Ba3
Rc8 22. Rac1 Rxc1 23. Rxc1 Qd8 24. Rxc8 Qxc8 25. Qa8 h6 26. Bd6 Qc1+ 27. Kg2
Qc2+ 28. Kh3 Qxa2 29. Qxb8+ Kh7 30. Qb7 Kg8 31. e4 h5 32. Qc8+ Kh7 33. Qf5+ g6
34. Qf6 Qe2 35. Qxf7+ Kh8 36. Qxg6 {Black resigns} 1-0